 Dungeon Crawl Stone Soup version 0.28-a0-245-g639a1a48b9 (webtiles) character file.

Game seed: 10888600229146820758

2821 frimble the Fighter (level 9, -2/70 (74) HPs)
             Began as a Gnoll Wanderer on Aug 25, 2021.
             Slain by a manticore (6 damage)
             ... on level 7 of the Dungeon.
             The game lasted 00:10:31 (5617 turns).

frimble the Fighter (Gnoll Wanderer)                Turns: 5617, Time: 00:10:31

HP:   -2/70 (74)    AC:  7    Str: 15    XL:     9   Next: 73%
MP:   15/15         EV: 13    Int: 16    God:
Gold: 2470          SH:  0    Dex: 10    Spells: 17/17 levels left

rFire   . . .      SeeInvis .   B - +2 long sword "Poppib Kiupn" {pain, rElec rPois rC- Str+3}
rCold   x . .      Faith    .   (no shield)
rNeg    . . .      Spirit   .   D - +1 leather armour {Will+}
rPois   +          Reflect  .   o - +0 helmet
rElec   +          Harm     .   (no cloak)
rCorr   .          Rampage  .   (no gloves)
Will    +....                   w - +0 pair of boots
Stlth   +++.......              j - amulet of regeneration
HPRegen 1.21/turn               (no ring)
MPRegen 0.14/turn               (no ring)

@: drained
A: fangs 1, strong nose, distributed training
a: no special abilities


You were on level 7 of the Dungeon.
You visited 1 branch of the dungeon, and saw 7 of its levels.

You collected 2470 gold pieces.

Inventory:

Hand Weapons
 a - a +2 quarterstaff
 b - a +0 falchion
 e - a +0 dagger
 f - a +2 dagger of venom
 B - the +2 long sword "Poppib Kiupn" (weapon) {pain, rElec rPois rC- Str+3}
   (You found it on level 4 of the Dungeon)

   In the hands of one skilled in necromantic magic, it inflicts extra damage on
   living creatures.
   Str:       It affects your strength (+3).
   rC:        It makes you vulnerable to cold.
   rElec:     It insulates you from electricity.
   rPois:     It protects you from poison.
Missiles
 i - 27 poisoned darts (quivered)
Armour
 o - a +0 helmet (worn)
 w - a +0 pair of boots (worn)
 D - a +1 leather armour of willpower (worn)
Jewellery
 j - an amulet of regeneration (around neck)
Wands
 x - a wand of acid (1)
 A - a wand of polymorph (5)
Scrolls
 h - 3 scrolls of amnesia
 k - 2 scrolls of vulnerability
 m - 2 scrolls of teleportation
 s - 4 scrolls of magic mapping
 u - a scroll of silence
 v - 2 scrolls of blinking
Potions
 c - 2 potions of curing
 d - a potion of cancellation {unknown}
 g - 2 potions of brilliance {unknown}
 l - 2 potions of invisibility {unknown}
 n - a potion of flight {unknown}
 q - 2 potions of heal wounds {unknown}
 C - a potion of lignification {unknown}


   Skills:
 + Level 8.0 Fighting
 + Level 4.5 Short Blades
 + Level 4.5 Long Blades
 + Level 4.5 Axes
 + Level 4.5 Maces & Flails
 + Level 4.5 Polearms
 + Level 6.5 Staves
 + Level 4.5 Slings
 + Level 4.5 Bows
 + Level 4.5 Crossbows
 + Level 5.2 Throwing
 + Level 4.5 Armour
 + Level 5.2 Dodging
 + Level 6.2 Stealth
 + Level 4.5 Shields
 + Level 4.5 Unarmed Combat
 + Level 4.5 Spellcasting
 + Level 3.7 Conjurations
 + Level 3.7 Hexes
 + Level 3.7 Summonings
 + Level 3.7 Necromancy
 + Level 3.7 Translocations
 + Level 3.7 Transmutations
 + Level 3.7 Fire Magic
 + Level 3.7 Ice Magic
 + Level 3.7 Air Magic
 + Level 3.7 Earth Magic
 + Level 3.7 Poison Magic
 + Level 5.0 Invocations
 + Level 5.2 Evocations


You had 17 spell levels left.
You didn't know any spells.
Your spell library contained the following spells:

 Spells                   Type           Power      Damage    Failure   Level
 Summon Small Mammal      Summ           60%        N/A       4%          1
 Call Canine Familiar     Summ           15%        N/A       13%         3
 Stone Arrow              Conj/Erth      30%        3d8       13%         3
 Summon Guardian Golem    Hex/Summ       15%        N/A       13%         3
 Animate Armour           Summ/Erth      30%        N/A       38%         4
 Fulminant Prism          Conj/Hex       7%         3d7       38%         4
 Iskenderun's Mystic Bla  Conj/Tloc      15%        2d5       38%         4
 Lee's Rapid Deconstruct  Erth           7%         3d8*      75%         5
 Lehudib's Crystal Spear  Conj/Erth      7%         10d3      100%        8


Dungeon Overview and Level Annotations

Branches:
Dungeon (7/15)             Temple (0/1) D:6

Altars:
Hepliaklqana


Innate Abilities, Weirdness & Mutations

You have very sharp teeth.
Your uncanny sense of smell can sniff out nearby items.
Your experience applies equally to all skills.


Message History

Where to? (Enter - D:6, ? - help)
There is a stone staircase leading down here.
You climb downwards.
Found a chain mail.
There is a stone staircase leading up here.
A manticore is nearby!
Search for what [Enter for "armo", or ? for help]? armo Unknown command.
You feel stronger. Pain shudders through your arm!
B - the +2 long sword "Poppib Kiupn" (weapon)
{pain, rElec rPois rC- Str+3} You barely miss the manticore.
The manticore bites you. The manticore claws you. The manticore misses you.
You barely miss the manticore. The manticore closely misses you.
The manticore claws you! x2
You are too injured to fight recklessly!
You are too injured to fight recklessly!
You are too injured to fight recklessly!
Aiming: Corrosive Bolt
Press: ? - help, Shift-Dir - straight line, f - manticore
Aim: a manticore (84% to hit)
The bolt of acid misses the manticore.
The manticore bites you! The manticore closely misses you.
The manticore claws you but does no damage.
Aiming: Corrosive Bolt
Press: ? - help, Shift-Dir - straight line, f/p - manticore
Aim: a manticore (84% to hit)
The bolt of acid hits the manticore!!
The manticore is splashed with acid.
The acid corrodes the manticore!
The manticore is heavily wounded.
The manticore barely misses you. The manticore claws you.
The manticore claws you!
* * * LOW HITPOINT WARNING * * *
Okay, then.
Unknown command.
As you read the scroll of summoning, it crumbles to dust.
Wisps of shadow whirl around you... The manticore bites you!
* * * LOW HITPOINT WARNING * * *
The manticore closely misses you. The manticore claws you.
You die...

........
##......#
#.......#
##.......#
#..o.....#
#........#
#.....o.o#
#..Y....#
#..o@H.##
#...o..#
#......#
##....##
#...##
##[.# #.##
##


You could see a manticore (corroded, ally target), a friendly orc warrior
(summoned), a friendly sky beast (summoned), a friendly orc priest (summoned,
wandering), a friendly orc wizard (summoned, wandering) and 2 friendly orcs.

Vanquished Creatures
  Grinder (D:4)
  A water moccasin (D:6)
  Duvessa (D:5)
  A sky beast (D:2)
  2 black bears
  2 ice beasts
  An orc warrior (D:6)
  A centaur (D:4)
  An ogre (D:3)
  A necrophage (D:6)
  A scorpion (D:4)
  Dowan (D:5)
  12 wights
  A howler monkey (D:5)
  2 hounds
  A centaur skeleton (D:6)
  2 orc priests
  A bullfrog skeleton (D:6)
  2 iguanas
  A scorpion zombie (D:5)
  Ijyb (D:4)
  Natasha (thrice) (D:4)
  12 orc wizards
  A killer bee zombie (D:6)
  A hound zombie (D:5)
  A hound skeleton (D:5)
  Robin (D:3)
  A howler monkey skeleton (D:6)
  9 adders
  4 gnolls (D:4)
  An adder skeleton (D:4)
  2 worms (D:3)
  5 dart slugs
  8 orcs
  13 ball pythons
  3 bats
  8 endoplasms
  5 giant cockroaches
  22 goblins
  9 hobgoblins
  9 quokkas
  8 frilled lizards
  7 kobolds
  13 rats
183 creatures vanquished.

Notes
Turn   | Place    | Note
-------+----------+-------------------------------------------
     0 | D:1      | frimble the Gnoll Wanderer began the quest for the Orb.
     0 | D:1      | frimble set off with the following items: a +2
                  | quarterstaff, a +0 falchion, a potion of curing, a +0 robe,
                  | a +0 dagger
     0 | D:1      | Reached XP level 1. HP: 23/23 MP: 1/1
   190 | D:1      | Reached XP level 2. HP: 21/29 MP: 2/2
   670 | D:1      | Reached XP level 3. HP: 21/35 MP: 3/3
  1032 | D:1      | Reached skill level 1 in Invocations
  1362 | D:2      | Reached skill level 1 in Short Blades
  1362 | D:2      | Reached skill level 1 in Long Blades
  1362 | D:2      | Reached skill level 1 in Axes
  1362 | D:2      | Reached skill level 1 in Maces & Flails
  1362 | D:2      | Reached skill level 1 in Polearms
  1362 | D:2      | Reached skill level 1 in Slings
  1362 | D:2      | Reached skill level 1 in Bows
  1362 | D:2      | Reached skill level 1 in Crossbows
  1362 | D:2      | Reached skill level 1 in Armour
  1362 | D:2      | Reached skill level 1 in Shields
  1362 | D:2      | Reached skill level 1 in Unarmed Combat
  1362 | D:2      | Reached skill level 1 in Spellcasting
  1436 | D:2      | Reached XP level 4. HP: 41/41 MP: 5/5
  1937 | D:3      | Noticed a sky beast
  1968 | D:2      | Killed a sky beast
  1969 | D:2      | Reached skill level 1 in Conjurations
  1969 | D:2      | Reached skill level 1 in Hexes
  1969 | D:2      | Reached skill level 1 in Summonings
  1969 | D:2      | Reached skill level 1 in Necromancy
  1969 | D:2      | Reached skill level 1 in Translocations
  1969 | D:2      | Reached skill level 1 in Transmutations
  1969 | D:2      | Reached skill level 1 in Fire Magic
  1969 | D:2      | Reached skill level 1 in Ice Magic
  1969 | D:2      | Reached skill level 1 in Air Magic
  1969 | D:2      | Reached skill level 1 in Earth Magic
  1969 | D:2      | Reached skill level 1 in Poison Magic
  1969 | D:2      | Reached XP level 5. HP: 45/47 MP: 5/7
  2116 | D:3      | Noticed an ice beast
  2117 | D:3      | Noticed Robin
  2145 | D:3      | Killed an ice beast
  2146 | D:3      | Reached XP level 6. HP: 33/53 MP: 8/8
  2170 | D:3      | Killed Robin
  2171 | D:3      | Reached skill level 5 in Staves
  2278 | D:3      | Found a faded altar of an unknown god.
  2715 | D:3      | Reached XP level 7. HP: 45/59 MP: 10/10
  2794 | D:3      | Reached skill level 7 in Fighting
  3101 | D:4      | Found a hazy altar of Hepliaklqana.
  3218 | D:4      | Noticed Ijyb
  3236 | D:4      | Killed Ijyb
  3237 | D:4      | Reached skill level 5 in Stealth
  3319 | D:4      | Noticed Grinder
  3340 | D:4      | Killed Grinder
  3341 | D:4      | Reached XP level 8. HP: 67/67 MP: 10/12
  3571 | D:4      | Noticed Natasha
  3577 | D:4      | Killed Natasha
  3723 | D:4      | Noticed Natasha
  3730 | D:4      | Killed Natasha
  3730 | D:4      | Noticed Natasha
  3737 | D:4      | Killed Natasha
  3770 | D:4      | Identified the +2 long sword "Poppib Kiupn" {pain, rElec
                  | rPois rC- Str+3}
  3859 | D:5      | Entered Level 5 of the Dungeon
  4114 | D:5      | Noticed Duvessa
  4118 | D:5      | Noticed Dowan
  4161 | D:5      | Killed Duvessa
  4172 | D:5      | Killed Dowan
  4578 | D:5      | Reached XP level 9. HP: 33/69 MP: 14/14
  4955 | D:6      | Reached skill level 5 in Throwing
  4955 | D:6      | Reached skill level 5 in Dodging
  4955 | D:6      | Reached skill level 5 in Evocations
  5102 | D:6      | Found a staircase to the Ecumenical Temple.
  5169 | D:6      | Reached skill level 8 in Fighting
  5409 | D:6      | Reached skill level 5 in Invocations
  5571 | D:6      | Identified 2 scrolls of acquirement
  5578 | D:6      | Acquired 1047 gold pieces
  5580 | D:6      | Acquired 1111 gold pieces
  5610 | D:7      | Noticed a manticore
  5617 | D:7      | Slain by a manticore

Illustrated notes

Levels and vault maps discovered:
D:1:      nagdon_arrival_zigzag_paths, layout_rooms, minmay_cupped
D:2:      layout_basic, minmay_pentomino_t2
D:3:      layout_loops_cross, chequers_ecumenical_altar_simple_redux,
          minmay_increasing_density, uniq_robin
D:4:      layout_loops_cross, nicolae_hepliaklqana_hazy_memory, uniq_ijyb,
          uniq_natasha, uniq_grinder
D:5:      layout_basic, chequers_serial_rivers_micro_b, uniq_duvessa
D:6:      layout_cave_pools, minmay_temple_entry_junction,
          minmay_a_box_with_orc_wizards_in_it
D:7:      layout_cave_pods, minmay_fractal_squares_5, uniq_joseph

Skill      XL: |  1  2  3  4  5  6  7  8  9 |
---------------+----------------------------+-----
Invocations    | 1 2 3 4 5 |  5.0
Short Blades   | 1 2 3 4 |  4.5
Long Blades    | 1 2 3 4 |  4.5
Axes           | 1 2 3 4 |  4.5
Maces & Flails | 1 2 3 4 |  4.5
Polearms       | 1 2 3 4 |  4.5
Slings         | 1 2 3 4 |  4.5
Bows           | 1 2 3 4 |  4.5
Crossbows      | 1 2 3 4 |  4.5
Armour         | 1 2 3 4 |  4.5
Shields        | 1 2 3 4 |  4.5
Unarmed Combat | 1 2 3 4 |  4.5
Spellcasting   | 1 2 3 4 |  4.5
Throwing       | 3 4 5 |  5.2
Dodging        | 3 4 5 |  5.2
Conjurations   | 1 2 3 |  3.7
Hexes          | 1 2 3 |  3.7
Summonings     | 1 2 3 |  3.7
Necromancy     | 1 2 3 |  3.7
Translocations | 1 2 3 |  3.7
Transmutations | 1 2 3 |  3.7
Fire Magic     | 1 2 3 |  3.7
Ice Magic      | 1 2 3 |  3.7
Air Magic      | 1 2 3 |  3.7
Earth Magic    | 1 2 3 |  3.7
Poison Magic   | 1 2 3 |  3.7
Evocations     | 3 4 5 |  5.2
Staves         | 5 6 |  6.5
Fighting       | 7 8 |  8.0
Stealth        | 5 6 |  6.2

Action                   |  1- 3 |  4- 6 |  7- 9 || total
-------------------------+-------+-------+-------++-------
Melee: Quarterstaff      |   109 |   180 |   373 ||   662
       Bite              |     2 |     7 |    23 ||    32
       Unarmed           |       |       |    10 ||    10
       Long sword        |       |       |     2 ||     2
Throw: Dart              |     5 |    20 |    63 ||    88
Evoke: Wand              |       |       |     5 ||     5
  Use: Scroll            |     2 |     3 |    11 ||    16
 Stab: Sleeping          |     7 |     4 |     5 ||    16
Armor: Robe              |    25 |    36 |    42 ||   103
       Leather armour    |       |       |    87 ||    87
Dodge: Dodged            |    74 |    97 |   285 ||   456

Table legend: (Time is in decaauts)
 A = Elapsed time spent in this place.
 B = Non-inter-level travel time spent in this place.
 C = Inter-level travel time spent in this place.
 D = Time resting spent in this place.
 E = Time spent auto-exploring this place.
 F = Levels seen in this place.
 G = Mean time per level.
                   A        B        C        D        E       F      G
               +--------+--------+--------+--------+--------+-----+--------+
         Total |   5616 |   5396 |    220 |     38 |   3698 |   7 |  802.3 |
       Dungeon |   5616 |   5396 |    220 |     38 |   3698 |   7 |  802.3 |
               +--------+--------+--------+--------+--------+-----+--------+

Top non-repeatable levels by time:
     D:1: 1349 daAuts
     D:3: 981 daAuts
     D:4: 914 daAuts
     D:5: 900 daAuts
     D:6: 854 daAuts
     D:2: 611 daAuts
     D:7: 6 daAuts
